 Dungeon Crawl Stone Soup version 0.30-a0-219-gf2db51d15e (webtiles) character file.

Game seed: 15477826685615524448

15820 chippings the Arsonist (level 12, -2/124 HPs)
             Began as a Human Cinder Acolyte on Oct 7, 2022.
             Was a Follower of Vehumet.
             Slain by a fire elemental (9 damage)
             ... created by the fiery vengeance of Ignis
             ... on level 2 of the Lair of Beasts.
             The game lasted 00:58:08 (13067 turns).

chippings the Arsonist (Human Cinder Acolyte)      Turns: 13067, Time: 00:58:09

Health: -2/124     AC: 29    Str: 17    XL:     12   Next: 62%
Magic:  30/30      EV:  2    Int: 18    God:    Vehumet [*.....]
Gold:   425        SH:  6    Dex:  8    Spells: 16/24 levels left

rFire   . . .      SeeInvis .    t - +7 trident (distort)
rCold   x . .      Faith    .    y - +2 buckler {AC+3}
rNeg    . . .      Spirit   .    (body armour currently unavailable)
rPois   +          Reflect  .    (helmet currently unavailable)
rElec   +          Harm     .    (cloak currently unavailable)
rCorr   .          Rampage  .    (gloves currently unavailable)
Will    .....      NoTele   +    (boots currently unavailable)
Stlth   +.........               G - amulet of magic regeneration
HPRegen 0.40/turn                C - ring of fire
MPRegen 0.62/turn                r - ring of the Sixty-Six Places {rElec MP+9}

@: tree-form, fire susceptible
A: stationary, stasis, torment immunity, boosted hp
a: Renounce Religion


You were on level 2 of the Lair of Beasts.
You worshipped Vehumet.
Vehumet was aware of your devotion.
You were a tree.
You visited 3 branches of the dungeon, and saw 15 of its levels.

You collected 845 gold pieces.
You spent 420 gold pieces at shops.

Inventory:

Hand Weapons
 t - a +7 trident of distortion (weapon)
 M - the +2 rapier "Astrexzuo" {vorpal, rC+ rN++ Str+4}
   (You found it on level 7 of the Dungeon)

   It inflicts extra damage upon your enemies.
   Str:       It affects your strength (+4).
   rC:        It protects you from cold.
   rN:        It greatly protects you from negative energy.
Armour
 b - a +2 helmet (melded)
 y - a +2 buckler of protection (worn)
 z - the +5 robe of the Ward (melded) {rCorr}
   (You found it on level 4 of the Dungeon)

   rCorr:     It protects you from acid and corrosion.
 N - a +0 cloak (melded)
Magical Staves
 O - a staff of earth
Jewellery
 r - the ring of the Sixty-Six Places (right branch) {rElec MP+9}
   (You acquired it on level 8 of the Dungeon)

   [ring of magical power]

   rElec:     It insulates you from electricity.
   MP:        It affects your magic capacity (+9).
 C - a ring of fire (left branch)
 G - an amulet of magic regeneration (around neck)
Wands
 x - a wand of flame (19)
 I - a wand of roots (6)
 K - a wand of charming (5)
 P - a wand of digging (4)
Scrolls
 a - a scroll of butterflies
 d - 3 scrolls of fear
 f - 3 scrolls of enchant armour
 i - a scroll of poison
 j - a scroll of torment
 k - 2 scrolls of noise
 m - 2 scrolls of magic mapping
 n - 3 scrolls of vulnerability
 o - 3 scrolls of teleportation
 q - 2 scrolls of amnesia
 B - 3 scrolls of immolation
 J - 2 scrolls of identify
Potions
 c - 2 potions of cancellation
 e - a potion of berserk rage {unknown}
 h - a potion of attraction
 l - a potion of mutation {unknown}
 s - 2 potions of degeneration
 u - a potion of magic
 v - 2 potions of experience {unknown}
 w - 2 potions of flight {unknown}
 A - a potion of invisibility {unknown}
 D - a potion of ambrosia
 E - 2 potions of haste
 H - 4 potions of brilliance {unknown}
 L - a potion of curing


   Skills:
 - Level 4.0 Fighting
 - Level 6.0 Polearms
 - Level 6.0 Armour
 - Level 4.0 Shields
 + Level 6.6 Spellcasting
 + Level 11.0 Conjurations
 + Level 11.9 Fire Magic


You had 16 spell levels left.
You knew the following spells:

 Your Spells              Type           Power      Damage    Failure   Level
a - Scorch                Fire           100%       2d10      1%          2
b - Starburst             Conj/Fire      31%        6d10      21%         6

Your spell library contained the following spells:

 Spells                   Type           Power      Damage    Failure   Level
 Foxfire                  Conj/Fire      100%       2x1d9     1%          1
 Dazzling Flash           Conj/Hex       50%        N/A       4%          3
 Slow                     Hex            20%        N/A       14%         1
 Iskenderun's Mystic Bla  Conj/Tloc      25%        2d7       14%         4
 Confusing Touch          Hex            5%         N/A       41%         3
 Vampiric Draining        Necr           5%         2d6       41%         3
 Alistair's Intoxication  Tmut/Pois      3%         N/A       99%         5
 Borgnjor's Vile Clutch   Necr/Erth      2%         N/A       99%         5
 Eringya's Noxious Bog    Tmut/Pois      2%         N/A       100%        6


Dungeon Overview and Level Annotations

Branches:
Dungeon (11/15)            Temple (1/1) D:4            Lair (2/5) D:8
    Orc (0/2) D:9
  Swamp: Lair:2-3    Shoals: Lair:2-3     Snake: Lair:2-3    Spider: Lair:2-3

Altars:
Cheibriados
Dithmenos
Elyvilon
Fedhas
Gozag
Hepliaklqana
Makhleb
Okawaru
Qazlal
Ru
Uskayaw
Vehumet
Xom
Yredelemnul
Zin
The Shining One

Shops:
D:4 (*   D:5 :   D:6 =

Annotations:
D:2 1 runed translucent door, Crazy Yiuf
D:11 Erolcha
Lair:2 Harold
Abyss:1 Eustachio


Message History

The tree burns like a torch!
You see here a culicivora corpse.
You start resting.
Magic restored.
You start resting. "Attack, my last stalwart servants!"
The divine experience confuses you!
You are confused. 2 fire elementals come into view.
Really quaff the potion of lignification?
You turn into a tree.
Your +0 cloak melds into your body.
Your +2 helmet melds into your body.
The +5 robe of the Ward {rCorr} melds into your body.
Your roots penetrate the ground.
You are too injured to fight recklessly!
You are too injured to fight recklessly!
You cannot move. (Use ctrl+direction or * direction to attack while stationary and confused.)
You cannot move. (Use ctrl+direction or * direction to attack while stationary and confused.)
You cannot move. (Use ctrl+direction or * direction to attack while stationary and confused.)
You feel better. The fire elemental hits you. The fire elemental burns you!
* * * LOW HITPOINT WARNING * * *
The fire elemental hits you. The fire elemental burns you!
* * * LOW HITPOINT WARNING * * *
You barely miss the fire elemental. The fire elemental hits you.
The fire elemental burns you!
* * * LOW HITPOINT WARNING * * *
The fire elemental hits you. The fire elemental burns you!
* * * LOW HITPOINT WARNING * * *
You miss the fire elemental. The fire elemental hits you.
The fire elemental burns you!
* * * LOW HITPOINT WARNING * * *
The fire elemental hits you. The fire elemental burns you!
* * * LOW HITPOINT WARNING * * *
Unknown command.
You closely miss the fire elemental. The fire elemental hits you.
The fire elemental burns you!
* * * LOW HITPOINT WARNING * * *
The fire elemental hits you. The fire elemental burns you!
* * * LOW HITPOINT WARNING * * *
The fire elemental hits you. The fire elemental burns you!
You die...

##.#####
##.♣♣~~~≈≈~~.§~~♣♣♣♣~.#P
.~.~~..## ###
~P~~~§~.≈~~~~~~~♣~~
.~~~~~~.##
~♣~P~~~.~~~PP~~~~~~
~≈≈≈≈~~..#
#~♣~§~≈.~~~~~~~~~~~
≈≈~≈≈≈≈~.#
###.~~.............
≈≈~.~≈≈~~#
#..§...~SS~~~≈~~~~
≈≈.<.~≈~.#
##†###..#♣♣~~≈~♣♣♣♣
≈≈~..~≈~~# #E+###.##
♣♣♣♣~♣
~≈~~~≈≈~.######E♣.....##
...
≈≈~≈≈≈≈~......+........#
..
~~~~~~~.~#.#..#.......##
..~....####.#.........+
..P.#### #...........#
..#.## ##..###..#.###
.....## ##...#.##...##
..#.#.###.....####...#
...............#.#...####


You could see 2 fire elementals.

Vanquished Creatures
  2 two-headed ogres
  Urug (Lair:2)
  The ghost of chippings the Zephyrmancer, a novice DgAE (D:8)
  A deep elf zephyrmancer (D:7)
  4 elephants (Lair:2)
  2 black mambas
  A cane toad (Lair:1)
  A komodo dragon (Lair:2)
  2 trolls
  A hornet (D:7)
  Sigmund (D:3)
  2 culicivoras (Lair:2)
  6 slime creatures (D:12)
  A shadow (D:10)
  A wraith (D:10)
  A wyvern (D:9)
  2 redbacks (Lair:2)
  4 yaks (D:9)
  A basilisk (Lair:2)
  7 fire elementals (Lair:2)
  3 steam dragons
  Edmund (D:4)
  Duvessa (D:4)
  2 acid dragons
  6 water moccasins
  An ice beast (D:5)
  6 orc warriors
  4 wolves (Lair:2)
  A centaur (D:9)
  A phantom (D:4)
  7 kobold brigands
  10 bullfrogs
  2 necrophages
  17 wights
  Dowan (D:4)
  6 killer bees
  3 electric eels
  3 howler monkeys (D:7)
  9 hounds
  6 orc priests
  3 iguanas
  4 orc wizards
  Natasha (thrice) (D:3)
  9 gnolls
  4 adders
  2 shadow imps
  A white imp (D:7)
  2 ufetubi
  2 dart slugs
  69 orcs
  5 endoplasms
  3 giant cockroaches
  12 goblins
  A hobgoblin (D:3)
  6 jackals
  5 quokkas
  5 ball pythons
  13 bats
  7 frilled lizards
  28 kobolds
  10 rats
326 creatures vanquished.

Vanquished Creatures (others)
  An orc (D:7)
  144 foxfires
  8 fungi
  39 plants (Lair:2)
192 creatures vanquished.

Grand Total: 518 creatures vanquished

Notes
Turn   | Place    | Note
-------+----------+-------------------------------------------
     0 | D:1      | chippings the Human Cinder Acolyte began the quest for the
                  | Orb.
     0 | D:1      | Reached XP level 1. HP: 18/18 MP: 2/2
   259 | D:1      | Reached XP level 2. HP: 23/24 MP: 3/3
   361 | D:1      | Learned a level 2 spell: Scorch
   457 | D:1      | Reached XP level 3. HP: 28/29 MP: 1/5
  1317 | D:2      | Reached XP level 4. HP: 35/35 MP: 6/6
  1545 | D:2      | Found a runed translucent door.
  1546 | D:2      | Noticed Crazy Yiuf
  1769 | D:3      | Reached skill level 1 in Armour
  1769 | D:3      | Reached XP level 5. HP: 38/41 MP: 6/8
  1874 | D:3      | Noticed Natasha
  1881 | D:3      | Killed Natasha
  1916 | D:3      | Noticed Natasha
  1922 | D:3      | Killed Natasha
  1939 | D:3      | Noticed Natasha
  1944 | D:3      | Killed Natasha
  1945 | D:3      | Reached XP level 6. HP: 48/48 MP: 9/9
  2146 | D:3      | Noticed Sigmund
  2159 | D:3      | Killed Sigmund
  2160 | D:3      | Reached XP level 7. HP: 45/54 MP: 10/10
  2283 | D:3      | Found a hide-covered altar of Uskayaw.
  2402 | D:4      | Noticed Duvessa
  2402 | D:4      | Noticed Dowan
  2449 | D:4      | Found Zeirazor's Elemental Accessories.
  2456 | D:4      | Killed Duvessa
  2457 | D:4      | Killed Dowan
  2569 | D:4      | Noticed Eustachio
  2579 | D:4      | Banished Eustachio
  2580 | D:4      | Reached skill level 5 in Polearms
  2580 | D:4      | Reached skill level 5 in Armour
  2584 | D:4      | Reached XP level 8. HP: 53/60 MP: 11/11
  2610 | D:4      | Found a staircase to the Ecumenical Temple.
  2690 | D:4      | Found Sogu's Firing Range.
  2804 | D:4      | Noticed Edmund
  2814 | D:4      | Killed Edmund
  3094 | D:4      | Found a glowing silver altar of Zin.
  3321 | D:4      | Identified the +5 robe of the Ward {rCorr}
  3357 | D:4      | Learned a level 6 spell: Starburst
  3583 | D:5      | Entered Level 5 of the Dungeon
  3594 | D:5      | Found Cofix's Book Emporium.
  3684 | D:5      | Reached skill level 1 in Conjurations
  3935 | D:5      | Reached XP level 9. HP: 65/65 MP: 10/14
  4093 | D:5      | Found a shadowy altar of Dithmenos.
  4102 | D:5      | Reached skill level 1 in Shields
  4395 | D:6      | Found a basalt altar of Yredelemnul.
  4707 | D:6      | Reached skill level 5 in Fire Magic
  5029 | D:6      | Found Xacopp's Jewellery Shop.
  5227 | D:6      | Bought an amulet of magic regeneration for 420 gold pieces
  5821 | D:7      | Noticed a deep elf zephyrmancer
  5831 | D:7      | Killed a deep elf zephyrmancer
  5832 | D:7      | Identified the +2 rapier "Astrexzuo" {vorpal, rC+ rN++
                  | Str+4}
  6051 | D:7      | Reached XP level 10. HP: 65/71 MP: 16/16
  6246 | D:7      | Reached skill level 5 in Conjurations
  6547 | D:8      | Noticed chippings's ghost (novice DgAE)
  6547 | D:8      | Found a runed translucent door.
  6682 | D:8      | Found a staircase to the Lair.
  6889 | D:8      | Found an opulent altar of Gozag.
  7137 | D:8      | Identified a scroll of acquirement
  7139 | D:8      | Acquired the ring of the Sixty-Six Places {rElec MP+9}
  7202 | D:8      | Found a shimmering altar of Xom.
  7886 | D:9      | Reached XP level 11. HP: 68/77 MP: 17/17
  8428 | D:9      | Found a staircase to the Orcish Mines.
  8443 | D:9      | Found a white marble altar of Elyvilon.
  8648 | D:9      | Noticed a two-headed ogre
  8667 | D:9      | Killed a two-headed ogre
  8668 | D:9      | Reached skill level 10 in Fire Magic
  8922 | D:8      | Killed chippings's ghost
  8969 | Lair:1   | Entered Level 1 of the Lair of Beasts
  9131 | Lair:1   | Found a burning altar of Makhleb.
  9668 | D:10     | Entered Level 10 of the Dungeon
  9836 | D:10     | Noticed a two-headed ogre
  9841 | D:10     | Killed a two-headed ogre
 10335 | D:10     | You fall into a shaft and drop 2 floors!
 10356 | D:12     | Reached skill level 10 in Conjurations
 10361 | D:12     | Reached skill level 5 in Spellcasting
 10438 | D:12     | Reached XP level 12. HP: 83/83 MP: 19/19
 10455 | D:11     | Noticed Erolcha
 10765 | Temple   | Entered the Ecumenical Temple
 10785 | Temple   | Fell from the grace of Ignis
 10785 | Temple   | Became a worshipper of Vehumet
 12413 | Lair:2   | Noticed Urug
 12415 | Lair:2   | Noticed Harold
 12422 | Lair:2   | Killed Urug
 13012 | Lair:2   | Reached * piety under Vehumet
 13012 | Lair:2   | Offered knowledge of Foxfire by Vehumet.
 13013 | Lair:2   | HP: 2/83 [culicivora (11)]
 13067 | Lair:2   | Slain by a fire elemental

Illustrated notes

Levels and vault maps discovered:
D:1:      lemuel_arrival_muddy, layout_loops_ring
D:2:      wander_river, layout_rooms, uniq_crazy_yiuf_cottage
D:3:      layout_basic, mainiacjoe_overflow_cross_hatched, uniq_natasha,
          uniq_sigmund
D:4:      layout_basic, old_standard_altar, minmay_temple_entry_proselytizer,
          nicolae_elemental_shop, grunt_decor_junction,
          nicolae_shop_firing_range, uniq_duvessa, uniq_eustachio, uniq_edmund
D:5:      layout_loops_ring, nicolae_dithmenos_the_darkroom, serial_shops,
          nicolae_diamond_shop, serial_glass, glass_columns_c, glass_columns_a,
          glass_columns_c, glass_columns_b, glass_columns_c, glass_columns_b,
          minmay_strange_pillars, item_on_display_b, due_unseen_surprise,
          feat_on_display, chequers_avenue
D:6:      minmay_inner_zag, layout_basic, yredelemnul_altar_generic,
          serial_shops, shop
D:7:      layout_loops_ring, hangedman_decor_clover_reticule,
          grunt_decor_arrowhead, grunt_ministairs_11, guppyfry_early_elven_hall
D:8:      layout_cave_pools, grunt_gozag_statues,
          mainiacjoe_overflow_concentric_impassable, erik_lair_island,
          hellmonk_ghost_happy_afterlife, kennysheep_generic_room_10
D:9:      layout_long_grid, elyvilon_altar_5, hiddenorc1_lemuel, special_room
          [special_room_orc]
D:10:     layout_loops_ring, minmay_misc_feat_nine_boxes
D:11:     layout_rooms, uniq_erolcha
D:12:     layout_layer_cave, gauntlet_entry_generic, uniq_nessos
Temple:   eino_wide_crystal_templ
Lair:1:   layout_roguey, basic_altar
Lair:2:   layout_roguey, spider_nest_entry_funnel_web, serial_bayou_lagoon_b,
          lemuel_fruit_tree, serial_bayou_shore_a, infiniplex_staircase_pool_2,
          uniq_urug, uniq_harold

Skill      XL: |  1  2  3  4  5  6  7  8  9 10 11 12 |
---------------+-------------------------------------+-----
Armour         | 1 2 4 5 6 |  6.0
Spellcasting   | 2 3 4 5 6 |  6.6
Polearms       | 4 5 6 |  6.0
Fire Magic     | 4 6 9 11 | 11.9
Fighting       | 4 |  4.0
Conjurations   | 2 4 7 10 11 | 11.0
Shields        | 4 |  4.0

Action                   |  1- 3 |  4- 6 |  7- 9 | 10-12 || total
-------------------------+-------+-------+-------+-------++-------
Melee: Spear             |   169 |    51 |       |       ||   220
       Punch             |     1 |       |     1 |       ||     2
       Trident           |       |    31 |   205 |   198 ||   434
 Cast: Scorch            |     1 |       |    21 |   282 ||   304
       Starburst         |       |       |       |     8 ||     8
Invok: Foxfire Swarm     |       |     1 |     3 |     4 ||     8
       Fiery Armour      |       |       |       |     2 ||     2
       Rising Flame      |       |       |       |     1 ||     1
Evoke: Wand              |       |       |       |     2 ||     2
  Use: Potion            |       |     1 |     1 |    11 ||    13
       Scroll            |       |       |     9 |    20 ||    29
Armor: Robe              |    21 |       |    50 |   147 ||   218
       Plate armour      |    66 |    56 |    17 |       ||   139
       Chain mail        |       |       |     2 |       ||     2
       Skin              |       |       |       |     9 ||     9
Dodge: Dodged            |    49 |    22 |    50 |   148 ||   269
Block: Buckler           |       |       |    21 |    81 ||   102

Table legend: (Time is in decaauts)
 A = Elapsed time spent in this place.
 B = Non-inter-level travel time spent in this place.
 C = Inter-level travel time spent in this place.
 D = Time resting spent in this place.
 E = Time spent auto-exploring this place.
 F = Levels seen in this place.
 G = Mean time per level.
                   A        B        C        D        E       F      G
               +--------+--------+--------+--------+--------+-----+--------+
         Total |  13092 |  12224 |    868 |    809 |   7164 |  15 |  872.8 |
       Dungeon |  10559 |   9831 |    728 |    616 |   5590 |  12 |  879.9 |
        Temple |     35 |     35 |      0 |      0 |      0 |   1 |   35.0 |
          Lair |   2497 |   2359 |    138 |    193 |   1574 |   2 | 1248.5 |
               +--------+--------+--------+--------+--------+-----+--------+

Top non-repeatable levels by time:
     D:8: 1497 daAuts
  Lair:2: 1496 daAuts
     D:7: 1259 daAuts
     D:9: 1190 daAuts
     D:1: 1184 daAuts
     D:4: 1164 daAuts
     D:6: 1004 daAuts
  Lair:1: 1000 daAuts
    D:10: 951 daAuts
     D:5: 890 daAuts
     D:3: 677 daAuts
     D:2: 572 daAuts
    D:12: 119 daAuts
    D:11: 45 daAuts
  Temple: 35 daAuts
